 Dungeon Crawl Stone Soup version 0.20.0-15-g7f486f2 (webtiles) character file.

2508 renl the Cleaver (level 9, -2/56 HPs)
             Began as a Gargoyle Fighter on July 3, 2017.
             Was an Initiate of Uskayaw.
             Killed themself with a badly aimed fireball (5 damage)
             ... on level 7 of the Dungeon.
             The game lasted 00:20:12 (4928 turns).

renl the Cleaver (Gargoyle Fighter)                 Turns: 4928, Time: 00:20:14

Health: -2/56      AC: 22    Str: 29    XL:     9   Next: 53%
Magic:  6/10       EV:  5    Int: 14    God:    Uskayaw [......]
Gold:   379        SH: 10    Dex:  9    Spells: 8/8 levels left

rFire    . . .     SeeInvis .   J - +1 flail "Muv Roashrua" {crush, Str+6} (curse)
rCold    . . .     Gourm    .   c - +0 shield
rNeg     + . .     Faith    .   E - +0 plate armour
rPois    ∞         Spirit   .   N - +2 hat
rElec    +         Reflect  .   F - +0 cloak
rCorr    .         Harm     .   (no gloves)
MR       .....                  (no boots)
Stlth    ..........             M - amulet of magic regeneration
Regen    0.2/turn               n - +5 ring of intelligence
MPRegen  0.2/turn               (no ring)

@: no status effects
A: negative energy resistance 1, electricity resistance, unbreathing,
petrification resistance, rot immunity, AC +5
a: Renounce Religion


You were on level 7 of the Dungeon.
You worshipped Uskayaw.
Uskayaw was noncommittal.
You were very hungry.

You visited 2 branches of the dungeon, and saw 8 of its levels.

You collected 379 gold pieces.

Inventory:

Hand Weapons
 a - a +0 war axe
 J - the cursed +1 flail "Muv Roashrua" (weapon) {crush, Str+6}
   (You found it on level 5 of the Dungeon)

   It inflicts extra damage upon your enemies.
   It affects your strength (+6).
   It has a curse placed upon it.
Armour
 c - a +0 shield (worn)
 E - a +0 plate armour (worn)
 F - a +0 cloak (worn)
 N - a +2 hat (worn)
Jewellery
 n - a +5 ring of intelligence (left hand)
 M - an amulet of magic regeneration (around neck)
Wands
 e - a wand of random effects (0/48)
 H - a wand of random effects (9/48)
 I - a wand of confusion (35/48)
 K - a wand of random effects (25/48)
Scrolls
 g - a scroll of amnesia {unknown}
 h - 4 scrolls of fear {unknown}
 l - a scroll of enchant armour {unknown}
 m - 2 scrolls of fog {unknown}
 o - 4 scrolls of enchant weapon {unknown}
 p - a scroll of magic mapping {unknown}
 q - 2 scrolls of immolation {unknown}
 r - a scroll of noise {unknown}
 t - 4 scrolls of identify {unknown}
 x - a scroll of recharging {unknown}
 y - 2 scrolls of teleportation {unknown}
 D - a scroll of blinking {unknown}
 G - 2 scrolls of remove curse {unknown}
Potions
 b - a potion of curing {unknown}
 d - 3 potions of might
 k - 2 potions of brilliance {unknown}
 s - a potion of haste {unknown}
 u - 2 potions of agility {unknown}
 v - a potion of heal wounds {unknown}
 A - a potion of resistance {unknown}
 B - 2 potions of ambrosia {unknown}
Books
 w - a book of Death

   Spells                             Type                      Level
   a - Corpse Rot                     Necromancy                   2
   b - Sublimation of Blood           Necromancy                   2
   c - Agony                          Necromancy                   5
   d - Dispel Undead                  Necromancy                   5
   e - Excruciating Wounds            Charms/Necromancy            5
   f - Bolt of Draining               Conjuration/Necromancy       5
Comestibles
 f - 5 bread rations
 i - 6 meat rations
 j - 4 fruits
 z - a royal jelly


   Skills:
 + Level 6.9 Fighting
 * Level 9.0 Axes
 + Level 6.9 Armour
 - Level 3.2 Shields
 + Level 2.0 Evocations


You had 8 spell levels left.
You didn't know any spells.

Dungeon Overview and Level Annotations

Branches:
Dungeon (7/15)             Temple (1/1) D:4

Altars:
Ashenzari
Cheibriados
Dithmenos
Elyvilon
Fedhas
Gozag
Hepliaklqana
Kikubaaqudgha
Makhleb
Nemelex Xobeh
Okawaru
Qazlal
Ru
Sif Muna
Trog
Uskayaw
Vehumet
Xom
Yredelemnul
Zin
The Shining One

Annotations:
D:4 renl's ghost, amateur GrFi


Innate Abilities, Weirdness & Mutations

You are resistant to torment.
Your stone body is resilient. (AC +5)
You are immune to poison.
You resist negative energy. (rN+)
You are resistant to electric shocks. (rElec)
You can survive without breathing.
You are immune to petrification.
You are immune to rotting.


Message History

The two-headed ogre is almost dead.
You are feeling very hungry.
You can no longer stomp with the beat.
The two-headed ogre hits you but does no damage. x2
You hit the two-headed ogre.
The two-headed ogre is almost dead.
The two-headed ogre hits you with a giant club.
* * * LOW HITPOINT WARNING * * *
The two-headed ogre barely misses you.
Evoke which item? (* to show all) (? for menu, Esc to quit)
Aiming: Random Effects (will waste charges)
Press: ? - help, Shift-Dir - straight line, f/p - two-headed ogre
Aim: a two-headed ogre, wielding two giant clubs (almost dead)
The fireball explodes!
The fireball engulfs the two-headed ogre.
You kill the two-headed ogre!
Your Axes skill increases to level 9!
Your Evocations skill increases to level 2!
The fireball engulfs you!
You die...

.........### #....## ##..## #.
...........###...## ##.### ##
............#....## ##.##
..................###..#
.............####.....###########
...........).....................
.........).......................
.................................
..........<.....@)...............
.................................
.................................
.................................
.................................
.................................
##.........(.....................
#####...........................
##.###########...................


There were no monsters in sight!

Vanquished Creatures
  A two-headed ogre (D:7)
  A hippogriff (D:6)
  A water moccasin (D:6)
  An orc warrior (D:6)
  A phantom (D:6)
  A sky beast (D:7)
  3 ogres
  A centaur (D:5)
  A bullfrog (D:6)
  A scorpion (D:6)
  3 crimson imps
  A bullfrog zombie (D:3)
  2 hounds
  2 orc priests
  A centaur skeleton (D:5)
  A jelly (D:6)
  An iguana (D:4)
  2 orc wizards
  10 worker ants
  A hound zombie (D:5)
  A worker ant zombie (D:7)
  3 gnolls (D:6)
  7 adders
  2 shadow imps
  3 oozes
  An adder skeleton (D:7)
  An adder zombie (D:5)
  2 worms
  6 leopard geckos
  10 orcs
  A ball python (D:4)
  5 giant cockroaches
  6 goblins
  6 hobgoblins
  8 jackals
  A quokka (D:2)
  A ball python skeleton (D:4)
  3 bats
  2 frilled lizards
  9 kobolds
  A quokka zombie (D:7)
  11 rats
126 creatures vanquished.

Vanquished Creatures (others)
  A human (D:4)
1 creature vanquished.

Grand Total: 127 creatures vanquished

Notes
Turn   | Place    | Note
-------+----------+-------------------------------------------
     0 | D:1      | renl the Gargoyle Fighter began the quest for the Orb.
     0 | D:1      | Reached XP level 1. HP: 14/14 MP: 1/1
   102 | D:1      | Reached XP level 2. HP: 18/19 MP: 2/2
   126 | D:1      | Reached skill level 2 in Axes
   357 | D:1      | Reached XP level 3. HP: 24/24 MP: 3/3
   802 | D:2      | Reached XP level 4. HP: 23/29 MP: 4/4
   806 | D:2      | Found a radiant altar of Vehumet.
   834 | D:2      | Reached skill level 3 in Axes
  1160 | D:2      | Found a white marble altar of Elyvilon.
  1160 | D:2      | Found an opulent altar of Gozag.
  1202 | D:3      | Reached XP level 5. HP: 27/33 MP: 5/5
  1285 | D:3      | Found a basalt altar of Yredelemnul.
  1313 | D:3      | Reached skill level 4 in Axes
  1458 | D:3      | You fall through a shaft!
  1461 | D:4      | Found an ancient bone altar of Kikubaaqudgha.
  1639 | D:3      | Reached XP level 6. HP: 35/38 MP: 6/6
  1643 | D:3      | Found a sacrificial altar of Ru.
  1768 | D:4      | Found a staircase to the Ecumenical Temple.
  1783 | Temple   | Entered the Ecumenical Temple
  1858 | Temple   | Became a worshipper of Uskayaw the Reveler
  1880 | D:4      | Noticed renl's ghost (amateur GrFi)
  1993 | D:4      | Reached * piety under Uskayaw
  1994 | D:4      | Reached ** piety under Uskayaw
  1995 | D:4      | Reached skill level 5 in Axes
  2023 | D:4      | Reached *** piety under Uskayaw
  2587 | D:4      | Noticed a human
  2588 | D:4      | Killed a human
  2675 | D:5      | Entered Level 5 of the Dungeon
  2800 | D:5      | Reached XP level 7. HP: 40/43 MP: 7/7
  2893 | D:5      | Reached skill level 6 in Axes
  2907 | D:5      | Found an iron altar of Okawaru.
  2907 | D:5      | Found a glowing golden altar of the Shining One.
  2990 | D:5      | Got a fine flail
  2991 | D:5      | Identified the cursed +1 flail "Muv Roashrua" {crush, Str+6} (You found it on level 5 of the Dungeon)
  2998 | D:5      | Found a hazy altar of Hepliaklqana.
  3805 | D:6      | Reached skill level 7 in Axes
  3805 | D:6      | Reached skill level 5 in Armour
  3805 | D:6      | Reached XP level 8. HP: 45/48 MP: 8/8
  3852 | D:6      | Reached skill level 5 in Fighting
  4134 | D:7      | Noticed a hippogriff
  4183 | D:6      | Killed a hippogriff
  4183 | D:6      | Reached skill level 8 in Axes
  4577 | D:7      | Reached XP level 9. HP: 55/55 MP: 9/9
  4732 | D:7      | Reached skill level 1 in Evocations
  4849 | D:7      | Noticed a two-headed ogre
  4892 | D:7      | HP: 2/55 [two-headed ogre/giant club (16)]
  4928 | D:7      | Killed a two-headed ogre
  4928 | D:7      | Reached skill level 9 in Axes
  4928 | D:7      | Killed themself with a badly aimed fireball

Skill      XL: |  1  2  3  4  5  6  7  8  9 |
---------------+----------------------------+-----
Axes           | 2 3 4 5 7 8 9 |  9.0
Fighting       | 4 6 |  6.9
Armour         | 4 5 6 |  6.9
Evocations     | 2 |  2.0
Shields        | |  3.2

Action                   |  1- 3 |  4- 6 |  7- 9 || total
-------------------------+-------+-------+-------++-------
Melee: War axe           |   127 |   171 |    23 ||   321
       Flail             |       |       |   211 ||   211
Invok: Stomp             |       |     2 |     3 ||     5
       Line Pass         |       |       |     1 ||     1
Evoke: Wand              |       |       |    19 ||    19
 Stab: Paralysed         |       |     1 |     2 ||     3
  Eat: Chunk             |       |     7 |     7 ||    14
Armor: Chain mail        |    66 |   112 |       ||   178
       Scale mail        |     5 |       |       ||     5
       Plate armour      |       |     7 |   165 ||   172
Dodge: Dodged            |    24 |    44 |    43 ||   111
Block: Shield            |    68 |    93 |   123 ||   284
